 Dungeon Crawl Stone Soup version 0.31.0-32-g396128a36d (webtiles) character file.

Game seed: 11858275121170720529

169 monsoonserge the Ruffian (level 5, -3/51 HPs)
             Began as an Octopode Shapeshifter on Apr 9, 2024.
             Killed by divine providence
             ... invoked by an orc priest
              (9 damage)
             ... on level 3 of the Dungeon.
             The game lasted 00:04:57 (1970 turns).

monsoonserge the Ruffian (Octopode Shapeshifter)    Turns: 1970, Time: 00:04:58

Health: -3/51      AC: 22    Str: 15    XL:     5   Next: 50%
Magic:  5/5        EV:  2    Int: 12    God:
Gold:   93         SH:  0    Dex: 12    Spells: 4/4 levels left

rFire   . .          .
                       - Unarmed
rCold   . . .        (no shield)
rNeg    . . .        (helmet currently unavailable)
rPois   +            (no amulet)
rElec   .            (no ring)
rCorr   .            (no ring)
SInv    .            (no ring)
Will    .....        (no ring)
Stlth   ++           (no ring)
HPRegen 0.28/turn    (no ring)
MPRegen 0.09/turn    (no ring)
                     (no ring)

%: no passive effects
@: tree-form
A: stationary, stasis, torment immunity, boosted hp, almost no armour,
(amphibious), 8 rings, (camouflage 1), (gelatinous body 1), (nimble swimmer 1),
(tentacles)
a: no special abilities


You were on level 3 of the Dungeon.
You were a tree.
You visited 1 branch of the dungeon, and saw 3 of its levels.

You collected 93 gold pieces.

Inventory:

Talismans
 b - a beast talisman
 c - a flux talisman
Scrolls
 e - 2 scrolls of amnesia
 f - a scroll of blinking {unknown}
 g - a scroll of noise {unknown}
 h - 4 scrolls of identify {unknown}
 i - a scroll of fog {unknown}
 j - a scroll of revelation {unknown}
Potions
 a - a potion of lignification
 d - a potion of heal wounds {unknown}
 k - a potion of might {unknown}
 l - a potion of curing {unknown}
 m - a potion of brilliance {unknown}
 n - 2 potions of attraction {unknown}


   Skills:
 - Level 2.0 Fighting
 - Level 2.0 Dodging
 - Level 1.0 Stealth
 + Level 5.2 Unarmed Combat
 - Level 3.5 Shapeshifting


You had 4 spell levels left.
You didn't know any spells.
Your spell library contained the following spells:

 Spells                   Type           Power      Damage    Failure   Level
 Call Canine Familiar     Summ           0%         N/A       69%         3
 Sigil of Binding         Hex            0%         N/A       69%         3
 Dimensional Bullseye     Hex/Tloc       0%         N/A       97%         4


Dungeon Overview and Level Annotations

Branches:
Dungeon (3/15)

Altars:
The Shining One

Shops:
D:1 (


Innate Abilities, Weirdness & Mutations

You are a tree.
Your roots penetrate the ground, keeping you stationary.
You cannot be teleported.
You are immune to unholy pain and torment.
Your maximum health is greatly increased.
You cannot wear most types of armour.
((You are amphibious.))
You can wear up to eight rings at the same time.
((Your skin changes colour to match your surroundings (Stealth+).))
((Your rubbery body absorbs attacks. (AC +1, EV +1)))
((You are camouflaged when in or above water. (Stealth+)))
((You have tentacles for arms and can constrict up to eight enemies at once.))


Message History

Your Unarmed Combat skill increases to level 5!
Unknown command.
The orc priest shouts!
You tentacle-slap the orc wizard but do no damage.
You grab the orc wizard.
You squeeze the orc wizard, but do no damage.
You constrict the orc wizard, but do no damage.
The orc wizard misses you.
The orc shouts!
You tentacle-slap the orc wizard.
The orc wizard is moderately wounded.
You constrict the orc wizard. The orc barely misses you.
The orc wizard misses you.
Unknown command.
You tentacle-slap the orc wizard.
The orc wizard is severely wounded.
You constrict the orc wizard. The orc wizard closely misses you.
The orc barely misses you.
Unknown command.
You tentacle-slap the orc wizard.
The orc wizard is almost dead.
You constrict the orc wizard. The orc wizard closely misses you.
The orc priest begins to cast a cantrip, but forgets the words!
The orc hits you with a +0 war axe!
* * * LOW HITPOINT WARNING * * *
Unknown command.
You tentacle-slap the orc wizard.
You kill the orc wizard!
The orc closely misses you.
Unknown command.
You barely miss the orc. You grab the orc. You constrict the orc.
You bludgeon the orc!
You kill the orc!
The orc closely misses you.
Your transformation has ended.
You turn into a tree.
Your roots penetrate the ground.
The orc hits you but does no damage. The orc barely misses you.
The orc priest invokes the aid of Beogh against you.
Beogh smites you!
You die...

#. ##.......... #.
#...<.......
#.##...........
#..#...........
#.#B..........
####....o........
#.....oS...?.....
...###oo#.........
##♣########## #.#
..#####.####
#..........####
######...#....########
#.#.......#.....##
#.##.............##
#.#..............[#
#.##..............#


You could see a bombardier beetle, an orc priest, 3 orcs and a ball python.

Vanquished Creatures
  2 orc wizards (D:3)
  Robin (D:3)
  2 gnolls
  2 adders (D:2)
  2 dart slugs (D:1)
  2 orcs (D:3)
  6 ball pythons
  7 bats
  2 endoplasms (D:2)
  A giant cockroach (D:2)
  14 goblins
  4 hobgoblins
  4 jackals (D:3)
  3 quokkas
  6 frilled lizards
  4 kobolds
  5 rats
67 creatures vanquished.

Notes
Turn   | Place    | Note
-------+----------+-------------------------------------------
     0 | D:1      | monsoonserge the Octopode Shapeshifter began the quest for
                  | the Orb.
     0 | D:1      | Reached XP level 1. HP: 13/13 MP: 1/1
   188 | D:1      | Reached skill level 1 in Stealth
   188 | D:1      | Reached XP level 2. HP: 18/18 MP: 2/2
   442 | D:1      | Found Bataqapn's Weapon Boutique.
   459 | D:1      | Reached XP level 3. HP: 24/24 MP: 3/3
   871 | D:2      | Found a glowing golden altar of the Shining One.
  1208 | D:2      | Reached XP level 4. HP: 26/29 MP: 4/4
  1332 | D:2      | Reached skill level 4 in Unarmed Combat
  1826 | D:3      | Noticed Robin
  1898 | D:3      | Killed Robin
  1955 | D:3      | Reached XP level 5. HP: 30/34 MP: 5/5
  1963 | D:3      | Reached skill level 5 in Unarmed Combat
  1970 | D:3      | Killed from afar by an orc priest

Illustrated notes

Levels and vault maps discovered:
D:1:      minmay_arrival_split_and_join, layout_loops_ring, serial_shops, shop
D:2:      layout_loops_corners, basic_altar, chequers_serial_rivers_marsh,
          st_stairs_3, minmay_misc_feat_diagonals
D:3:      minmay_spotlight, layout_rooms, serial_shops, nicolae_diamond_shop,
          uniq_terence, uniq_robin, uniq_natasha

Skill      XL: |  1  2  3  4  5 |
---------------+----------------+-----
Stealth        | 1 |  1.0
Fighting       | 2 |  2.0
Unarmed Combat | 4 5 |  5.2
Dodging        | |  2.0
Shapeshifting  | |  3.5

Action                     |  1- 3 |  4- 6 || total
---------------------------+-------+-------++-------
  Melee: Unarmed           |    65 |    54 ||   119
         Constrict         |    19 |    12 ||    31
         Tentacles         |     8 |    10 ||    18
         Punch             |     1 |     1 ||     2
    Use: Scroll            |     1 |       ||     1
         Potion            |       |     1 ||     1
   Stab: Sleeping          |    11 |     2 ||    13
         Distracted        |       |     1 ||     1
 Armour: Skin              |    21 |    29 ||    50
  Dodge: Dodged            |    40 |    37 ||    77
